 Dungeon Crawl Stone Soup version 0.23-a0-85-g22930c1 (webtiles) character file.

140 digijack the Ducker (level 5, -8/28 HPs)
             Began as a Spriggan Abyssal Knight on Aug 13, 2018.
             Was a Believer of Lugonu.
             Mangled by Eustachio
             ... wielding a +4 rapier of protection
              (11 damage)
             ... on level 4 of the Dungeon.
             The game lasted 00:20:36 (2465 turns).

digijack the Ducker (Spriggan Abyssal Knight)       Turns: 2465, Time: 00:20:37

Health: -8/28      AC:  4    Str:  8    XL:     5   Next: 2%
Magic:  8/8        EV: 20    Int: 14    God:    Lugonu [**....]
Gold:   189        SH:  0    Dex: 16    Spells: 4/4 levels left

rFire    . . .     SeeInvis +   a - +0 rapier
rCold    . . .     Gourm    .   (shield restricted)
rNeg     . . .     Faith    .   b - +1 robe
rPois    .         Spirit   .   (helmet restricted)
rElec    .         Reflect  .   (no cloak)
rCorr    .         Harm     .   (gloves unavailable)
MR       .....                  (boots unavailable)
Stlth    +++.......             (no amulet)
HPRegen  0.09/turn              k - +1 ring of protection
MPRegen  0.11/turn              (no ring)

@: very quick
A: very small, unfitting armour, see invisible, herbivore, speed 3, slow
metabolism 2
a: Depart the Abyss, Bend Space, Renounce Religion


You were on level 4 of the Dungeon.
You worshipped Lugonu.
Lugonu was pleased with you.
You were not hungry.

You visited 2 branches of the dungeon, and saw 5 of its levels.
You visited the Abyss 1 time.

You collected 189 gold pieces.

Inventory:

Hand Weapons
 a - a +0 rapier (weapon)
Missiles
 h - 143 stones (quivered)
Armour
 b - a +1 robe (worn)
Jewellery
 k - a +1 ring of protection (left hand)
Scrolls
 d - 3 scrolls of identify
 e - 2 scrolls of blinking
 f - a scroll of fog
 i - a scroll of magic mapping
 j - 2 scrolls of remove curse
Potions
 g - 2 potions of flight
Comestibles
 c - 8 rations


   Skills:
 + Level 3.0 Fighting
 + Level 3.1 Short Blades
 + Level 4.5 Dodging
 * Level 3.7 Stealth
 + Level 2.6 Invocations


You had 4 spell levels left.
You didn't know any spells.
Your spell library was empty.

Dungeon Overview and Level Annotations

Branches:
Dungeon (4/15)             Temple (1/1) D:4

Altars:
Gozag
Kikubaaqudgha
Makhleb
Nemelex Xobeh
Ru
Trog
Uskayaw
The Shining One

Annotations:
D:3 2 transporters
D:4 3 runed doors, Barriton's ghost, amateur DrIE; Eustachio


Innate Abilities, Weirdness & Mutations

You are very small and have problems with some larger weapons.
You are too small for most types of armour.
You have supernaturally acute eyesight. (SInv)
You are a herbivore.
You cover ground extremely quickly.
You need to consume almost no food.


Message History

The bat closely misses you.
Eustachio mumbles some strange words.
Eustachio blinks!
The bat closely misses you.
You hit Eustachio but do no damage. The bat misses you. x2
Eustachio completely misses you.
You miss Eustachio. The bat misses you. The quokka completely misses you.
Eustachio completely misses you.
You miss Eustachio. The bat barely misses you. The quokka barely misses you.
Eustachio hits you with a rapier of protection!
* * * LOW HITPOINT WARNING * * *
Okay, then.
As you read the scroll of fog, it crumbles to dust.
The scroll dissolves into smoke.
The quokka misses you. Eustachio completely misses you.
You barely miss Eustachio. The bat misses you. The bat completely misses you.
The quokka bites you.
* * * LOW HITPOINT WARNING * * *
Eustachio hits you with a rapier of protection!
You die...

+......#....### ##......#..5....
#.....#.#....### #.##....#....# #
#<##.####r...# # #.##.##......#
####<#..##.#.##.### #####
########§§@.#.............
..#.####....#.§§@###§##+++##.....
..#.........+.§§§r§.##KKKKK##....
......##....#.b§§§§.#KW#.#K≈#....
#####.##.####.......#K.#.#.⌠#....
#####.##.# #.......#≈.# #.≈####.
#.....##.####......[##.. ..## .
#.######.#.......÷...##??.## #.#
#.#.#..........#####
#.######'#.#..............#


You could see Eustachio, a quokka and a bat.

Vanquished Creatures
  A howler monkey (D:4)
  A hound skeleton (D:4)
  4 adders
  A shadow imp (D:4)
  A worm (D:4)
  3 dart slugs
  A leopard gecko (D:2)
  2 orcs (D:4)
  5 bats
  3 hobgoblins
  4 jackals (D:3)
  2 ball pythons
  7 goblins
  A kobold (D:1)
  5 rats
41 creatures vanquished.

Vanquished Creatures (others)
  2 fungi (D:4)
  2 plants (D:4)
4 creatures vanquished.

Grand Total: 45 creatures vanquished

Notes
Turn   | Place    | Note
-------+----------+-------------------------------------------
     0 | Abyss:1  | digijack the Spriggan Abyssal Knight began the quest for the Orb.
     0 | Abyss:1  | Reached XP level 1. HP: 11/11 MP: 3/3
    42 | Abyss:1  | Noticed a large abomination
    57 | Abyss:1  | Noticed a spatial vortex
    57 | Abyss:1  | Noticed a spatial vortex
    57 | Abyss:1  | Noticed a spatial maelstrom
    57 | Abyss:1  | Noticed a spatial vortex
    58 | Abyss:1  | Noticed a spatial vortex
    58 | D:1      | Escaped the Abyss
   357 | D:1      | Reached skill level 1 in Stealth
   504 | D:1      | Reached * piety under Lugonu
   504 | D:1      | Reached XP level 2. HP: 16/16 MP: 4/4
  1425 | D:3      | Reached skill level 4 in Dodging
  1441 | D:3      | Found an opulent altar of Gozag.
  1442 | D:3      | Found a sparkling altar of Nemelex Xobeh.
  1445 | D:3      | Reached XP level 3. HP: 16/19 MP: 5/5
  1849 | D:3      | Found a glowing golden altar of the Shining One.
  1849 | D:3      | Found an ancient bone altar of Kikubaaqudgha.
  1849 | D:3      | Found a sacrificial altar of Ru.
  1853 | D:3      | Found a transporter.
  1854 | D:3      | Noticed a two-headed ogre
  1862 | D:3      | Found a transporter.
  1940 | D:4      | Found a runed gate.
  1940 | D:4      | Noticed Barriton's ghost (amateur DrIE)
  1941 | D:4      | Found a runed gate.
  1941 | D:4      | Found a runed gate.
  1945 | D:4      | Noticed a big kobold
  1967 | D:4      | Reached XP level 4. HP: 20/23 MP: 6/6
  2273 | D:4      | Noticed an ogre
  2292 | D:4      | Reached ** piety under Lugonu
  2357 | D:4      | Found a staircase to the Ecumenical Temple.
  2362 | Temple   | Entered the Ecumenical Temple
  2393 | D:4      | Noticed Eustachio
  2395 | D:4      | Reached XP level 5. HP: 13/28 MP: 6/8
  2465 | D:4      | Mangled by Eustachio

Vault maps used:
D:1:      dpeg_arrival_arbitrary_a
D:3:      grunt_temple_overflow_opulence, gammafunk_temple_overflow_arena,
          first_ration
D:4:      kennysheep_spiral_hall, temple_doors_cd,
          gammafunk_ghost_nasty_kobolds, uniq_eustachio, uniq_grinder,
          uniq_crazy_yiuf_cottage, uniq_edmund
Temple:   cyrus_circular_temple
Abyss:1:  hangedman_abyss_or_decor_lesser_grid

Skill      XL: |  1  2  3  4 |
---------------+-------------+-----
Stealth        | 1 2 3 |  3.7
Invocations    | 2 |  2.6
Dodging        | 4 |  4.5
Short Blades   | 3 |  3.1
Fighting       | 3 |  3.0

Action                   |  1- 3 |  4- 6 || total
-------------------------+-------+-------++-------
Melee: Short sword       |    84 |       ||    84
       Dagger            |    17 |     6 ||    23
       Rapier            |       |    70 ||    70
Invok: Depart the Abyss  |     1 |       ||     1
  Use: Scroll            |    10 |     1 ||    11
       Potion            |     2 |       ||     2
 Stab: Sleeping          |     5 |       ||     5
       Distracted        |     1 |       ||     1
  Eat: Ration            |     2 |       ||     2
Armor: Robe              |     8 |    11 ||    19
Dodge: Dodged            |    77 |    95 ||   172

Table legend:
 A = Non-vault XP
 B = Vault XP
 C = Vault XP percentage of total XP
 D = Non-vault monster count
 E = Vault monster count
 F = Vault count percentage of total count
 G = Total turns spent on level
                 A         B        C        D         E       F
            +---------+---------+-------+---------+---------+-------
      Total |     201 |       0 |   0.0 |      41 |       0 |   0.0
            +---------+---------+-------+---------+---------+-------
        D:1 |      13 |       0 |   0.0 |       7 |       0 |   0.0
        D:2 |      16 |       0 |   0.0 |       8 |       0 |   0.0
        D:3 |      54 |       0 |   0.0 |      18 |       0 |   0.0
        D:4 |     118 |       0 |   0.0 |       8 |       0 |   0.0
            +---------+---------+-------+---------+---------+-------
